 Dungeon Crawl Stone Soup version 0.14-a0-1192-g192f278 (webtiles) character file.

16053 Egon the Geomancer (level 12, -1/71 HPs)
             Began as a Gargoyle Earth Elementalist on Dec 1, 2013.
             Was a Follower of Ashenzari.
             Shot with a poisoned arrow of flame by Nessos (29 damage)
             ... on Level 11 of the Dungeon.
             The game lasted 01:29:23 (20865 turns).

Egon the Geomancer (Gargoyle Earth Elementalist)   Turns: 20865, Time: 01:29:23

HP  -1/71        AC 19     Str 13      XL: 12   Next: 24%
MP  10/24        EV 14     Int 24      God: Ashenzari [*.....]
Gold 881         SH  0     Dex 10      Spells:  5 memorised,  8 levels left

rFire  . . .     SeeInvis .     r - +2,+0 great mace (curse)
rCold  . . .     Clarity  .     c - +1 robe
rNeg   + . .     Conserve .     (no shield)
rPois  +         rCorr    .     (no helmet)
rElec  +         rRot     +     s - +2 cloak {darkness}
SustAb . .       Spirit   .     (no gloves)
rMut   .         Warding  .     (no boots)
Saprov . . .     Stasis   .     (no amulet)
                                t - +4 ring of intelligence
                                C - ring of protection from magic

@: stone skin, quite resistant to hostile enchantments, fairly stealthy
A: life protection 1, electricity resistance, unbreathing, petrification
resistance, AC +8
a: Renounce Religion, Evoke Invisibility


You were on level 11 of the Dungeon.
You worshipped Ashenzari.
Ashenzari was aware of your devotion.
You were hungry.

You visited 3 branches of the dungeon, and saw 13 of its levels.

You collected 881 gold pieces.

Inventory:

Hand weapons
 a - a +2,+1 orcish flail
 m - a +0,+0 orcish morningstar
 r - a cursed +2,+0 great mace (weapon)
Missiles
 g - 4 darts of frost (quivered)
Armour
 c - a +1 robe (worn)
 s - a +2 cloak of darkness (worn)
Magical devices
 b - a wand of draining (6)
 l - a wand of confusion (9)
 v - a wand of polymorph (10)
 E - a wand of frost (7)
Comestibles
 f - 11 bread rations
 h - 3 chokos
 k - a rambutan
 o - an apple
 D - a rotting chunk of orc flesh
 J - 5 chunks of shark flesh
Scrolls
 e - a scroll of amnesia
 j - a scroll of remove curse
 p - a scroll of recharging {unknown}
 u - a scroll of teleportation
 z - 2 scrolls of fear
 B - a scroll of identify
 G - a scroll of magic mapping
Jewellery
 t - a +4 ring of intelligence (right hand)
 A - an uncursed amulet of guardian spirit
 C - a ring of protection from magic (left hand)
Potions
 n - a potion of agility
 q - a potion of mutation {unknown}
 w - a potion of resistance
 x - 2 potions of heal wounds
 F - 2 potions of speed
 H - 2 potions of blood
 I - a potion of curing
 S - 3 potions of berserk rage
Books
 d - a book of Geomancy

   Spells                             Type                      Level
   *Sandblast                         Earth                        1
   *Stoneskin                         Transmutation/Earth          2
   Passwall                           Transmutation/Earth          3
   *Stone Arrow                       Conjuration/Earth            3
   Petrify                            Transmutation/Earth          4
   *Lee's Rapid Deconstruction        Earth                        5
 i - a book of Party Tricks

   Spells                             Type                      Level
   Summon Butterflies                 Summoning                    1
   Apportation                        Translocation                1
   *Blink                             Translocation                2
   Alistair's Intoxication            Transmutation/Poison         4
   Tukima's Dance                     Hexes                        5


   Skills:
 + Level 10.5 Fighting
 + Level 8.6 Maces & Flails
 + Level 5.4 Dodging
 - Level 2.1 Stealth
 - Level 5.1 Spellcasting
 + Level 8.8 Conjurations
 - Level 0.7 Transmutations
 + Level 11.9 Earth Magic


You had 8 spell levels left.
You knew the following spells:

 Your Spells              Type           Power        Failure   Level  Hunger
a - Sandblast             Erth           ######       1%          1    None
b - Stoneskin             Trmt/Erth      #####.....   1%          2    None
c - Stone Arrow           Conj/Erth      ######       1%          3    ##.....
d - Lee's Rapid Deconstr  Erth           ######....   1%          5    #####..
k - Blink                 Tloc           N/A          14%         2    None


Dungeon Overview and Level Annotations

Branches:
Dungeon (11/16)            Temple (1/1) D:4             Orc (0/4) D:11
   Lair (1/8) D:9

Altars:
Ashenzari
Cheibriados
Elyvilon
Fedhas
Kikubaaqudgha
Makhleb
Nemelex Xobeh
Okawaru
Sif Muna
Trog
Vehumet
Xom
Yredelemnul
Zin
the Shining One

Annotations:
D:11 Nessos


Innate Abilities, Weirdness & Mutations

You are resistant to torment.
You are immune to poison.
Your stone body is very resilient (AC +8).
You resist negative energy.
You are resistant to electric shocks.
You can survive without breathing.
You are immune to petrification.


Message History

One of your 2 scrolls of teleportation catches fire!
Your scroll labeled KHEOJE MNINETS catches fire!
Nessos drinks a potion.
Nessos is healed!
The gnoll sergeant hits you but does no damage.
No previous command to re-do.
Casting: Stone Arrow
Confirm with . or Enter, or press ? or * to list all spells.
Aiming: Stone Arrow
Press: ? - help, Shift-Dir - straight line, f/p - Nessos
Aim: Nessos, wielding a longbow of flame, wearing a centaur barding and quivering 11 poisoned arrows (heavily wounded, moving very quickly)
The stone arrow hits Nessos.
Nessos is heavily wounded.
Nessos shoots a poisoned arrow of flame.
The poisoned arrow of flame hits you!
Nessos shoots a poisoned arrow of flame.
The poisoned arrow of flame hits you!
The gnoll sergeant hits you but does no damage.
Nessos shoots a poisoned arrow of flame.
The poisoned arrow of flame hits you!
You die...

... #....
P≈♣......
#....
≈≈♣.......
##....
≈.......
.......
♣......#
...##.
#..c...# # ##
#......# #..
#>g...(# '.8.
.######..@...#
..#
.............#
#'#
........((...#
#.# #.
...########(#
#.# #. .. #.#
####.# ###)
#.#
.....###).#
#.#
.....#.))##
#)######.'.8%#
♣#
#........#...#


You could see Nessos and a gnoll sergeant.

Vanquished Creatures
  A fire crab (D:9)
  3 hill giants
  A cyclops (D:11)
  A black mamba (Lair:1)
  Psyche (D:10)
  A feature mimic (D:9)
  Grinder (D:3)
  A spriggan (D:7)
  8 yaks
  A vampire (D:11)
  A shark (D:11)
  7 hippogriffs
  Grum (D:10)
  A wraith (D:9)
  17 wolves
  3 hungry ghosts
  Menkaure (D:6)
  5 porcupines (Lair:1)
  A manticore (D:7)
  4 orc warriors
  A phantom (D:9)
  2 centaurs
  A black bear (D:6)
  2 ogres
  2 ice beasts
  A sky beast (D:7)
  9 giant frogs
  3 giant slugs (Lair:1)
  A gnoll sergeant (D:9)
  An agate snail (Lair:1)
  6 water moccasins
  A spectral elf (D:8)
  An eye of draining (D:10)
  5 killer bees (D:5)
  8 wights
  4 goliath beetles
  7 orc priests
  A centaur skeleton (D:6)
  4 jellies
  4 crimson imps
  3 scorpions
  8 iguanas
  16 orc wizards
  3 hounds
  A quasit (D:9)
  12 worker ants
  Jessica (D:3)
  A mummy (D:11)
  A worker ant zombie (D:5)
  12 gnolls
  12 adders
  3 giant mites
  8 green rats (Lair:1)
  4 worms
  A giant centipede zombie (D:10)
  2 iguana skeletons
  3 giant eyeballs
  4 giant geckos
  3 oozes
  66 orcs
  A bat skeleton (D:4)
  18 goblins
  20 hobgoblins
  4 quokkas
  18 bats
  9 giant cockroaches
  3 giant newts
  2 giant spores
  A goblin skeleton (D:4)
  15 jackals
  16 kobolds
  A kobold zombie (D:5)
  2 orc skeletons
  19 rats
  A rat skeleton (D:8)
  6 ballistomycetes
424 creatures vanquished.

Vanquished Creatures (others)
  A human (D:9)
  4 plants (D:11)
5 creatures vanquished.

Grand Total: 429 creatures vanquished

Notes
Turn   | Place    | Note
--------------------------------------------------------------
     0 | D:1      | Egon, the Gargoyle Earth Elementalist, began the quest for the Orb.
     0 | D:1      | Reached XP level 1. HP: 10/10 MP: 3/3
   358 | D:1      | Reached XP level 2. HP: 9/15 MP: 2/4
   367 | D:1      | Learned a level 2 spell: Stoneskin
   571 | D:1      | Reached skill level 4 in Earth Magic
  1019 | D:1      | Reached XP level 3. HP: 19/19 MP: 1/6
  1246 | D:1      | Reached skill level 1 in Fighting
  2473 | D:2      | Reached XP level 4. HP: 24/24 MP: 4/7
  2774 | D:3      | Learned a level 3 spell: Stone Arrow
  3256 | D:3      | Noticed Grinder
  3278 | D:3      | Paralysed by Grinder for 5 turns
  3534 | D:3      | Noticed Jessica
  3546 | D:3      | Killed Jessica
  3661 | D:3      | Found a snail-covered altar of Cheibriados.
  3709 | D:3      | Reached XP level 5. HP: 17/28 MP: 7/9
  3902 | D:3      | Reached skill level 1 in Maces & Flails
  4844 | D:4      | Found a staircase to the Ecumenical Temple.
  4854 | Temple   | Entered the Ecumenical Temple
  5313 | D:3      | Reached skill level 5 in Earth Magic
  5367 | D:4      | Noticed an ogre
  5373 | D:4      | Killed an ogre
  5373 | D:4      | Reached XP level 6. HP: 32/34 MP: 6/12
  5448 | D:3      | Killed Grinder
  5448 | D:3      | Reached XP level 7. HP: 23/39 MP: 4/15
  6491 | D:5      | Entered Level 5 of the Dungeon
  6497 | D:5      | Reached skill level 6 in Earth Magic
  6541 | D:5      | Found a bloodstained altar of Trog.
  6599 | D:5      | Reached XP level 8. HP: 34/44 MP: 2/18
  6601 | D:5      | Reached skill level 5 in Fighting
  6719 | D:5      | Paralysed by a giant eyeball for 2 turns
  6725 | D:5      | Paralysed by a giant eyeball for 4 turns
  7955 | D:6      | Reached skill level 7 in Earth Magic
  8666 | D:6      | Noticed Menkaure
  8674 | D:6      | Killed Menkaure
  8674 | D:6      | Reached skill level 5 in Maces & Flails
  8922 | D:6      | Reached skill level 5 in Spellcasting
  8971 | D:6      | Paralysed by a giant eyeball for 4 turns
  9292 | D:6      | Reached XP level 9. HP: 27/50 MP: 18/20
  9552 | D:6      | Found a white marble altar of Elyvilon.
  9552 | D:6      | Found a shattered altar of Ashenzari.
  9559 | D:6      | Became a worshipper of Ashenzari the Shackled
  9668 | Temple   | Learned a level 5 spell: Lee's Rapid Deconstruction
  9900 | D:7      | Reached skill level 1 in Conjurations
 10216 | D:7      | Reached skill level 8 in Earth Magic
 10786 | D:7      | Noticed a spriggan baker
 10793 | D:7      | Killed a spriggan baker
 11430 | D:7      | Reached skill level 9 in Earth Magic
 11730 | D:8      | Reached XP level 10. HP: 57/57 MP: 21/21
 11888 | D:8      | Found a burning altar of Makhleb.
 11890 | D:8      | Noticed a blizzard demon
 11960 | D:8      | Found a shimmering altar of Xom.
 12120 | D:8      | Found a basalt altar of Yredelemnul.
 12381 | D:8      | Found a glowing silver altar of Zin.
 12808 | D:8      | Paralysed by a giant eyeball for 2 turns
 12814 | D:8      | Paralysed by a giant eyeball for 3 turns
 12971 | D:9      | Found Fuyniqayn's Distillery.
 13004 | D:9      | Reached skill level 5 in Conjurations
 13193 | D:9      | Fuyniqayn's Distillery was a mimic.
 13409 | D:9      | Found an ancient bone altar of Kikubaaqudgha.
 14118 | D:9      | Found a white marble altar of Elyvilon.
 14162 | D:9      | Found a staircase to the Lair.
 14578 | Lair:1   | Entered Level 1 of the Lair of Beasts
 14578 | Lair:1   | Noticed a black mamba
 14585 | Lair:1   | Killed a black mamba
 14585 | Lair:1   | Reached skill level 10 in Earth Magic
 15417 | Lair:1   | Reached XP level 11. HP: 60/64 MP: 10/23
 15449 | Lair:1   | HP: 2/64 [blast of rock fragments (7)]
 16128 | Lair:1   | Learned a level 2 spell: Blink
 16852 | Lair:1   | Reached skill level 11 in Earth Magic
 17599 | D:10     | Entered Level 10 of the Dungeon
 17915 | D:10     | Noticed a hill giant
 17923 | D:10     | Killed a hill giant
 18119 | D:9      | Noticed a fire crab
 18422 | D:9      | Killed a fire crab
 18422 | D:9      | Reached skill level 10 in Fighting
 18617 | D:10     | Noticed Psyche
 18625 | D:10     | Killed Psyche
 18737 | D:10     | Noticed Grum
 18745 | D:10     | Killed Grum
 19483 | D:11     | Reached skill level 5 in Dodging
 19522 | D:11     | Found a white marble altar of Elyvilon.
 19525 | D:11     | Noticed a hill giant
 19561 | D:11     | Reached XP level 12. HP: 54/71 MP: 6/24
 19994 | D:11     | Found a staircase to the Orcish Mines.
 20009 | D:11     | Killed a hill giant
 20851 | D:11     | Noticed Nessos
 20865 | D:11     | Shot with a poisoned arrow of flame by Nessos

Action                   |  1- 3 |  4- 6 |  7- 9 | 10-12 || total
-------------------------+-------+-------+-------+-------++-------
Melee: Short sword       |    67 |       |       |       ||    67
       Mace              |    55 |   159 |   469 |   647 ||  1330
       Great mace        |       |       |       |   159 ||   159
       Flail             |       |       |       |    38 ||    38
Throw: Dart              |       |     2 |     4 |       ||     6
 Cast: Sandblast         |    30 |    32 |   103 |    39 ||   204
       Stoneskin         |     4 |    20 |    47 |    65 ||   136
       Stone Arrow       |       |       |    32 |   113 ||   145
       Lee's Rapid Decon |       |       |       |    16 ||    16
       Blink             |       |       |       |     1 ||     1
Evoke: Wand              |       |       |     3 |     3 ||     6
  Use: Scroll            |       |     1 |    15 |     9 ||    25
       Potion            |       |       |       |     6 ||     6
 Stab: Sleeping          |     1 |     1 |     2 |       ||     4
       Distracted        |     1 |       |       |       ||     1
